 Dungeon Crawl Stone Soup version 0.30-a0-718-geaa24f58ff (webtiles) character file.

Game seed: 4676778635739037729

100 funkygono the Firebug (level 4, -1/24 HPs)
             Began as a Gargoyle Fire Elementalist on Jan 25, 2023.
             Slain by a gnoll
             ... wielding a +0 club
              (6 damage)
             ... on level 3 of the Dungeon.
             The game lasted 00:03:40 (3089 turns).

funkygono the Firebug (Gargoyle Fire Elementalist)  Turns: 3089, Time: 00:03:40

Health: -1/24      AC:  7    Str: 12    XL:     4   Next: 74%
Magic:  0/8        EV: 12    Int: 17    God:
Gold:   133        SH:  0    Dex: 16    Spells: 2/8 levels left

rFire   . . .      SeeInvis .    t - +0 whip
rCold   . . .      Faith    .    (no shield)
rNeg    + . .      Spirit   .    a - +0 robe
rPois   ∞          Reflect  .    (no helmet)
rElec   +          Harm     .    (no cloak)
rCorr   .          Rampage  .    r - +0 pair of gloves
Will    .....                    f - +0 pair of boots
Stlth   ++                       (no amulet)
HPRegen 0.24/turn                i - +6 ring of dexterity
MPRegen 0.11/turn                (no ring)

@: no status effects
A: sickness immunity, AC +3, negative energy resistance 1, electricity
resistance, torment resistance 1, petrification resistance
a: no special abilities


You were on level 3 of the Dungeon.
You visited 1 branch of the dungeon, and saw 3 of its levels.

You collected 133 gold pieces.

Inventory:

Hand Weapons
 g - a +2 dagger of venom
 n - a +0 flail
 t - a +0 whip (weapon)
 w - the +0 dagger "Qafazxiso" {protect, rF+}
   (You found it on level 3 of the Dungeon)

   rF:        It protects you from fire.
Armour
 a - a +0 robe (worn)
 f - a +0 pair of boots (worn)
 r - a +0 pair of gloves (worn)
 u - a +0 leather armour
Jewellery
 i - a +6 ring of dexterity (left hand)
 s - a ring of ice
Wands
 p - a wand of roots (17)
Scrolls
 d - a scroll of noise {unknown}
 h - 3 scrolls of teleportation {unknown}
 k - 5 scrolls of identify {unknown}
 l - 3 scrolls of immolation {unknown}
 m - a scroll of amnesia {unknown}
 q - 2 scrolls of vulnerability {unknown}
Potions
 b - a potion of magic
 c - a potion of haste {unknown}
 e - 2 potions of curing {unknown}
 j - 2 potions of brilliance {unknown}
 o - a potion of heal wounds {unknown}
 v - a potion of degeneration {unknown}
 x - a potion of flight {unknown}


   Skills:
 + Level 0.1 Fighting
 + Level 1.9 Dodging
 - Level 2.1 Stealth
 + Level 2.8 Spellcasting
 + Level 2.0 Conjurations
 + Level 4.2 Fire Magic


You had 2 spell levels left.
You knew the following spells:

 Your Spells              Type           Power      Damage    Failure   Level
a - Foxfire               Conj/Fire      52%        2x1d6     4%          1
b - Scorch                Fire           32%        2d7       4%          2
c - Kindle Blastsparks    Fire/Tloc/Air  14%        2d11      30%         3

Your spell library contained the following spells:

 Spells                   Type           Power      Damage    Failure   Level
 Inner Flame              Hex/Fire       9%         N/A       22%         3
 Flame Wave               Conj/Fire      13%        2d6       43%         4


Dungeon Overview and Level Annotations

Branches:
Dungeon (3/15)

Altars:


Innate Abilities, Weirdness & Mutations

You are immune to sickness and miasma.
Your stone body is resilient. (AC +3)
You are immune to poison.
You resist negative energy. (rN+)
You are resistant to electric shocks. (rElec)
You are resistant to unholy torment.
You are immune to petrification.


Message History

The gnoll is lightly wounded.
The foxfire hits the gnoll but does no damage.
The gnoll is lightly wounded.
The gnoll hits you but does no damage.
The foxfire hits the gnoll.
The gnoll is lightly wounded.
Casting: Foxfire (safe; 4% risk of failure)
Confirm with . or Enter, or press ? or * to list all spells.
You conjure some foxfire!
The foxfire hits the gnoll.
The gnoll is moderately wounded.
The gnoll hits you but does no damage.
Casting: Foxfire (safe; 4% risk of failure)
Confirm with . or Enter, or press ? or * to list all spells.
You conjure some foxfire!
The foxfire hits the gnoll but does no damage.
The gnoll is lightly wounded.
The foxfire hits the gnoll but does no damage.
The gnoll is lightly wounded.
The gnoll hits you with a +0 club. The gnoll hits you with a +0 flail.
Casting: Foxfire (safe; 4% risk of failure)
Confirm with . or Enter, or press ? or * to list all spells.
You don't have enough magic to cast this spell.
You hit the gnoll but do no damage.
The foxfire hits the gnoll.
The gnoll is moderately wounded.
The gnoll barely misses you. The gnoll hits you with a +0 club.
Unknown command.
You hit the gnoll but do no damage.
The gnoll is moderately wounded.
The gnoll hits you but does no damage. x2
You hit the gnoll but do no damage.
The gnoll is moderately wounded.
The gnoll hits you with a +0 club. The gnoll hits you with a +0 flail.
You hit the gnoll but do no damage.
The gnoll is moderately wounded.
The gnoll hits you with a +0 club.
* * * LOW HITPOINT WARNING * * *
The gnoll misses you.
You barely miss the gnoll.
The gnoll is moderately wounded.
The gnoll hits you with a +0 club.
You die...

#.........#)##.###.#####.
########.##........# #.
#######.##...###### ##
##..........### #.
##..#####.########### #.
#>........÷.........## #.
#....####.#########..#####
#....# #)##### ##...#
#....####@g...# ###.###
#.#####...g...#### #....
#.# #........... ####. #.#
#........... #) #####.#
#...###..... #.
#.....######.......... #.
#..........#..÷....... #.
#.....####.#.......### #.
#.....# #.#.......# #.


You could see 2 gnolls.

Vanquished Creatures
  A gnoll (D:3)
  3 adders
  A worm (D:3)
  4 orcs (D:3)
  5 endoplasms
  5 giant cockroaches
  3 goblins
  3 hobgoblins
  8 jackals
  3 quokkas
  3 ball pythons
  3 bats
  5 frilled lizards
  3 kobolds
  4 rats
54 creatures vanquished.

Vanquished Creatures (others)
  176 foxfires
176 creatures vanquished.

Grand Total: 230 creatures vanquished

Notes
Turn   | Place    | Note
-------+----------+-------------------------------------------
     0 | D:1      | funkygono the Gargoyle Fire Elementalist began the quest
                  | for the Orb.
     0 | D:1      | Reached XP level 1. HP: 10/10 MP: 3/3
   317 | D:1      | Reached XP level 2. HP: 15/15 MP: 1/5
   326 | D:1      | Learned a level 2 spell: Scorch
  1456 | D:2      | Reached XP level 3. HP: 19/19 MP: 3/6
  1463 | D:2      | Learned a level 3 spell: Kindle Blastsparks
  2387 | D:3      | Reached skill level 4 in Fire Magic
  2594 | D:3      | Reached XP level 4. HP: 24/24 MP: 4/7
  3006 | D:3      | Identified the +0 dagger "Qafazxiso" {protect, rF+}
  3089 | D:3      | Slain by a gnoll

Illustrated notes

Levels and vault maps discovered:
D:1:      dpeg_arrival_pits, layout_basic
D:2:      layout_loops_corners
D:3:      layout_basic, dreamdust_ecumenical_altar_statues

Skill      XL: |  1  2  3  4 |
---------------+-------------+-----
Fire Magic     | 4 |  4.2
Conjurations   | 2 |  2.0
Fighting       | |  0.1
Dodging        | |  1.9
Stealth        | |  2.1
Spellcasting   | |  2.8

Action                     |  1- 3 |  4- 6 || total
---------------------------+-------+-------++-------
  Melee: Unarmed           |    14 |       ||    14
         Punch             |     1 |       ||     1
         Flail             |     1 |       ||     1
         Whip              |       |    12 ||    12
   Cast: Foxfire           |    78 |    28 ||   106
         Scorch            |     5 |     1 ||     6
 Armour: Robe              |     9 |    14 ||    23
  Dodge: Dodged            |    26 |    22 ||    48

Table legend: (Time is in decaauts)
 A = Elapsed time spent in this place.
 B = Non-inter-level travel time spent in this place.
 C = Inter-level travel time spent in this place.
 D = Time resting spent in this place.
 E = Time spent auto-exploring this place.
 F = Levels seen in this place.
 G = Mean time per level.
                   A        B        C        D        E       F      G
               +--------+--------+--------+--------+--------+-----+--------+
         Total |   3088 |   3023 |     65 |    143 |   2455 |   3 | 1029.3 |
       Dungeon |   3088 |   3023 |     65 |    143 |   2455 |   3 | 1029.3 |
               +--------+--------+--------+--------+--------+-----+--------+

Top non-repeatable levels by time:
     D:2: 1381 daAuts
     D:1: 979 daAuts
     D:3: 727 daAuts
